 Dungeon Crawl Stone Soup version 0.16.2-2-g470672f (webtiles) character file.

240 CrazyArbalest the Bolt Thrower (level 5, -1/44 HPs)
             Began as a Centaur Hunter on Aug 24, 2015.
             Succumbed to Sigmund's poison
             ... on level 3 of the Dungeon.
             The game lasted 00:10:17 (2647 turns).

CrazyArbalest the Bolt Thrower (Centaur Hunter)     Turns: 2647, Time: 00:10:17

Health: -1/44      AC:  6    Str: 21    XL:     5   Next: 79%
Magic:  4/4        EV:  9    Int: 10    God:
Gold:   79         SH:  0    Dex:  9    Spells: 0 memorised, 4 levels left

rFire  . . .     SeeInvis .     a - +0 flail
rCold  . . .     Clarity  .     e - +0 ring mail
rNeg   . . .     SustAb   .     (no shield)
rPois  .         Gourm    .     (no helmet)
rElec  .         Spirit   .     r - +0 cloak
rCorr  .         Warding  .     (no gloves)
rMut   .         Stasis   .     (no barding)
MR     .....                    (no amulet)
Stlth  ..........               (no ring)
                                (no ring)

@: mighty, lethally poisoned (-1 -> -41), flying, very slightly contaminated,
invisible, very quick, not resistant to hostile enchantments, extremely
unstealthy
A: hooves 3, deformed body, speed 2, tough skin 3
a: no special abilities


You were on level 3 of the Dungeon.
You were not hungry.

You visited 1 branch of the dungeon, and saw 3 of its levels.

You collected 79 gold pieces.

Inventory:

Hand weapons
 a - a +0 flail (weapon)
 b - a +1 hand crossbow
 u - a +0 whip
Missiles
 c - 37 bolts
Armour
 d - a +0 leather armour
 e - a +0 ring mail (worn)
 n - a +0 chain mail
 r - a +0 cloak (worn)
Scrolls
 h - a scroll of fog {unknown}
 i - 3 scrolls of teleportation {unknown}
 j - 3 scrolls of remove curse
 k - a scroll of noise {unknown}
 p - 2 scrolls of recharging {unknown}
 s - a scroll of identify {unknown}
 v - a scroll of enchant weapon {unknown}
 x - a scroll of random uselessness {unknown}
Comestibles
 f - 2 bread rations
 g - a slice of pizza
 q - a meat ration


   Skills:
 + Level 2.8 Fighting
 + Level 0.1 Maces & Flails
 * Level 6.5 Crossbows
 + Level 1.1 Armour
 + Level 2.3 Dodging
 + Level 0.5 Stealth


You had 4 spell levels left.
You didn't know any spells.

Dungeon Overview and Level Annotations

Branches:
Dungeon (3/15)

Altars:
Ashenzari
Cheibriados
Elyvilon
Makhleb
Ru
The Shining One

Annotations:
D:3 Sigmund


Innate Abilities, Weirdness & Mutations

You have hooves in place of feet.
Armour fits poorly on your strangely shaped body.
You cover ground very quickly.
You have extremely tough skin (AC +3).


Message History

You feel sick. Something hits you.
You are more poisoned.
You are very lightly contaminated with residual magic.
Read which item? (? for menu, Esc to quit)
Okay, then.
Read which item? (? for menu, Esc to quit)
As you read the scroll labeled JIORROPIETZ, it crumbles to dust.
You feel blessed for a moment.
It was a scroll of remove curse.
You feel very sick.
You feel sick.
You feel sick.
You feel sick.
You feel sick.
* * * LOW HITPOINT WARNING * * *
You feel sick. Something hits you!
* * * LOW HITPOINT WARNING * * *
You are more poisoned.
* * * LOW HITPOINT WARNING * * *
You feel sick.
You die...

#.# ####.#... #.#
#...))... #.# #
##.#.#### #.#
######.##.#.#### #.#
#>.............. #.#
#.#######.#.#### #.#
#.# #....#.# #.#
####.####.####.# #.#
#.@..........#(# #.#
#.#...###.##.#.# #.#
#.#............. #.#
#.#.#.###.##+#+#
##.####.#.#.).......
#.......#.####.....
#########.# #... #.#
.. #.#


There were no monsters in sight!

Vanquished Creatures
  An ogre (D:2)
  A gnoll shaman (D:3)
  An adder (D:2)
  6 gnolls (D:3)
  2 worms (D:2)
  2 orcs (D:3)
  A ball python (D:1)
  5 giant cockroaches
  7 goblins
  6 hobgoblins
  5 kobolds
  6 bats
  2 giant geckos
  4 giant newts
  7 rats
56 creatures vanquished.

Notes
Turn   | Place    | Note
--------------------------------------------------------------
     0 | D:1      | CrazyArbalest, the Centaur Hunter, began the quest for the Orb.
     0 | D:1      | Reached XP level 1. HP: 17/17 MP: 1/1
   422 | D:1      | Reached XP level 2. HP: 21/24 MP: 2/2
   640 | D:1      | Reached skill level 5 in Crossbows
  1178 | D:2      | Reached XP level 3. HP: 29/29 MP: 3/3
  1436 | D:2      | Found a burning altar of Makhleb.
  1580 | D:2      | Noticed an ogre
  1585 | D:2      | Killed an ogre
  1585 | D:2      | Reached XP level 4. HP: 35/37 MP: 3/3
  1808 | D:2      | Reached XP level 5. HP: 42/42 MP: 4/4
  2159 | D:3      | Found a glowing golden altar of the Shining One.
  2162 | D:3      | Found a shattered altar of Ashenzari.
  2165 | D:3      | Found a snail-covered altar of Cheibriados.
  2169 | D:3      | Found a white marble altar of Elyvilon.
  2169 | D:3      | Found a sacrificial altar of Ru.
  2328 | D:3      | Reached skill level 6 in Crossbows
  2328 | D:3      | Reached skill level 1 in Armour
  2623 | D:3      | Noticed Sigmund
  2646 | D:3      | HP: 2/44 [poisoned by Sigmund]
  2647 | D:3      | Succumbed to Sigmund's poison

Action                   |  1- 3 |  4- 6 || total
-------------------------+-------+-------++-------
Melee: Short sword       |    65 |       ||    65
       Whip              |    30 |    25 ||    55
       Flail             |       |    24 ||    24
 Fire: Hand crossbow     |     9 |    23 ||    32
  Use: Potion            |       |     4 ||     4
       Scroll            |       |     1 ||     1
  Eat: Chunk             |     1 |     3 ||     4
